EL
READING FIGHTIN PHILS @ NEW HAMPSHIRE FISHER CATS
07/06/2110
 
TOP OF THE 1ST
Reading Fightin Phils batting - Pitching for New Hampshire Fisher Cats : RHP Logan Parker
Pitching: RHP Logan Parker
Batting: SHB Scott Keys 0-0: Called Strike
0-1: Ground out 6-3 (Groundball, 6, EV 86.3 MPH)
Batting: LHB Tony Fernandez 0-0: Ball
1-0: Foul Ball, location: 2F
1-1: Ball
2-1: Foul Ball, location: 2F
2-2: Ball
3-2: Fly out, F6 (Popup, 6M, EV 71.9 MPH)
Batting: RHB Vinny Bezanson 0-0: Ball
1-0: Called Strike
1-1: Called Strike
1-2: Ground out 5-3 (Groundball, 56S, EV 66.9 MPH)
Top of the 1st over - 0 runs, 0 hits, 0 errors, 0 left on base; Reading 0 - New Hampshire 0
BOTTOM OF THE 1ST
New Hampshire Fisher Cats batting - Pitching for Reading Fightin Phils : RHP Jon Zelaya
Pitching: RHP Jon Zelaya
Batting: SHB Joe Ray 0-0: Foul Ball, location: 2F
0-1: Ball
1-1: Fly out, F7 (Line Drive, 7, EV 95.0 MPH)
Batting: SHB Brad Taylor 0-0: Called Strike
0-1: Called Strike
0-2: Ball
1-2: Strikes out swinging
Batting: RHB Wietze Willemsen 0-0: Called Strike
0-1: Called Strike
0-2: Foul Ball, location: 3F
0-2: Strikes out swinging
Bottom of the 1st over - 0 runs, 0 hits, 0 errors, 0 left on base; Reading 0 - New Hampshire 0
TOP OF THE 2ND
Reading Fightin Phils batting - Pitching for New Hampshire Fisher Cats : RHP Logan Parker
Batting: SHB Marco Calderon 0-0: Ground out 1-3 (Groundball, 13S, EV 67.5 MPH)
Batting: RHB Jose Aguilar 0-0: Ball
1-0: Fly out, F8 (Line Drive, 8RD, EV 100.0 MPH)
Batting: LHB Leo Bautista 0-0: Foul Ball, location: 23F
0-1: Foul Ball, location: 25F
0-2: Ball
1-2: Ball
2-2: Fly out, F9 (Line Drive, 9S, EV 91.3 MPH)
Top of the 2nd over - 0 runs, 0 hits, 0 errors, 0 left on base; Reading 0 - New Hampshire 0
BOTTOM OF THE 2ND
New Hampshire Fisher Cats batting - Pitching for Reading Fightin Phils : RHP Jon Zelaya
Batting: LHB Tom Lazier 0-0: Ball
1-0: Foul Ball, location: 3SF
1-1: Ball
2-1: Fly out, F7 (Flyball, 7LS, EV 94.4 MPH)
Batting: LHB Jose Deramos 0-0: Swinging Strike
0-1: Swinging Strike
0-2: Ball
1-2: Ground out 2-3 (Groundball, 15S, EV 67.5 MPH)
Batting: RHB Israel Maturino 0-0: Called Strike
0-1: Foul Ball, location: 2F
0-2: SINGLE (Line Drive, 9LM, EV 108.8 MPH)
Batting: RHB Fernando Fernandez 0-0: Ball
1-0: Fly out, F8 (Line Drive, 8LD, EV 85.0 MPH)
Bottom of the 2nd over - 0 runs, 1 hit, 0 errors, 1 left on base; Reading 0 - New Hampshire 0
TOP OF THE 3RD
Reading Fightin Phils batting - Pitching for New Hampshire Fisher Cats : RHP Logan Parker
Batting: LHB Gordie Green 0-0: Ball
1-0: Ground out 6-3 (Groundball, 56D, EV 102.5 MPH)
Batting: RHB Joe Roche 0-0: Ball
1-0: Called Strike
1-1: Swinging Strike
1-2: Ball
2-2: Strikes out swinging
Batting: RHB Ricky Aguilera 0-0: Ball
1-0: Ground out 5-3 (Groundball, 56, EV 81.9 MPH)
Top of the 3rd over - 0 runs, 0 hits, 0 errors, 0 left on base; Reading 0 - New Hampshire 0
BOTTOM OF THE 3RD
New Hampshire Fisher Cats batting - Pitching for Reading Fightin Phils : RHP Jon Zelaya
Batting: RHB Ralph Stewart 0-0: Ball
1-0: Ball
2-0: Foul Ball, location: 23FF
2-1: Fly out, F4 (Popup, 4, EV 53.1 MPH)
Batting: RHB Jerry Decker 0-0: Ball
1-0: Ball
2-0: Swinging Strike
2-1: Foul Ball, location: 2F
2-2: Strikes out swinging
Batting: SHB Joe Ray 0-0: Ball
1-0: Foul Ball, location: 7LMF
1-1: Called Strike
1-2: Ball
2-2: Ball
3-2: Base on Balls
Batting: SHB Brad Taylor 0-0: Ball
1-0: Ball
2-0: Swinging Strike
2-1: Ground out 4-3 (Groundball, 4, EV 86.9 MPH)
Bottom of the 3rd over - 0 runs, 0 hits, 0 errors, 1 left on base; Reading 0 - New Hampshire 0
TOP OF THE 4TH
Reading Fightin Phils batting - Pitching for New Hampshire Fisher Cats : RHP Logan Parker
Batting: SHB Scott Keys 0-0: Called Strike
0-1: Foul Ball, location: 25F
0-2: Foul Ball, location: 5FF
0-2: Ball
1-2: Strikes out swinging
Batting: LHB Tony Fernandez 0-0: Ball
1-0: Called Strike
1-1: Foul Ball, location: 23FF
1-2: Ball
2-2: Foul Ball, location: 5F
2-2: Strikes out swinging
Batting: RHB Vinny Bezanson 0-0: Swinging Strike
0-1: Fly out, F9 (Line Drive, 9D, EV 88.8 MPH)
Top of the 4th over - 0 runs, 0 hits, 0 errors, 0 left on base; Reading 0 - New Hampshire 0
BOTTOM OF THE 4TH
New Hampshire Fisher Cats batting - Pitching for Reading Fightin Phils : RHP Jon Zelaya
Batting: RHB Wietze Willemsen 0-0: Ball
1-0: Ball
2-0: Called Strike
2-1: Swinging Strike
2-2: SINGLE (Line Drive, 9S, EV 87.5 MPH)
Batting: LHB Tom Lazier 0-0: Fly out, F6 (Popup, 6M, EV 56.9 MPH)
Batting: LHB Jose Deramos 0-0: Ball
1-0: Foul Ball, location: 23F
1-1: Foul Ball, location: 2F
1-2: Ball
2-2: Ball
3-2: Foul Ball, location: 2F
3-2: Fly out, F8 (Flyball, 8RM, EV 93.8 MPH)
Batting: RHB Israel Maturino 0-0: Foul Ball, location: 5FF
0-1: Foul Ball, location: 2F
0-2: Strikes out swinging
Bottom of the 4th over - 0 runs, 1 hit, 0 errors, 1 left on base; Reading 0 - New Hampshire 0
TOP OF THE 5TH
Reading Fightin Phils batting - Pitching for New Hampshire Fisher Cats : RHP Logan Parker
Batting: SHB Marco Calderon 0-0: Foul Ball, location: 2F
0-1: Ball
1-1: Ball
2-1: SINGLE (Line Drive, 8RS, EV 102.5 MPH)
Batting: RHB Jose Aguilar 0-0: Bunted foul
0-1: Bunt missed!
0-2: Ball
1-2: Ball
2-2: Foul Ball, location: 2F
2-2: Foul Ball, location: 25F
2-2: Ball
3-2: Ground out 4-3 (Groundball, 4M, EV 100.0 MPH)
Marco Calderon to second
Batting: LHB Leo Bautista 0-0: Foul Ball, location: 2F
0-1: Called Strike
0-2: Foul Ball, location: 2F
0-2: Strikes out swinging
Batting: LHB Gordie Green 0-0: Fly out, F8 (Flyball, 8LXD, EV 78.8 MPH)
Top of the 5th over - 0 runs, 1 hit, 0 errors, 1 left on base; Reading 0 - New Hampshire 0
BOTTOM OF THE 5TH
New Hampshire Fisher Cats batting - Pitching for Reading Fightin Phils : RHP Jon Zelaya
Batting: RHB Fernando Fernandez 0-0: Ball
1-0: Ball
2-0: Foul Ball, location: 5F
2-1: Called Strike
2-2: Ground out 5-3 (Groundball, 56, EV 85.0 MPH)
Batting: RHB Ralph Stewart 0-0: Ground out 6-3 (Groundball, 6, EV 83.1 MPH)
Batting: RHB Jerry Decker 0-0: Called Strike
0-1: Foul Ball, location: 9LMFF
0-2: Ball
1-2: Foul Ball, location: 2F
1-2: Ground out 5-3 (Groundball, 56S, EV 90.0 MPH)
Bottom of the 5th over - 0 runs, 0 hits, 0 errors, 0 left on base; Reading 0 - New Hampshire 0
TOP OF THE 6TH
Reading Fightin Phils batting - Pitching for New Hampshire Fisher Cats : RHP Logan Parker
Batting: RHB Joe Roche 0-0: Ground out 6-3 (Groundball, 6, EV 86.9 MPH)
Batting: RHB Ricky Aguilera 0-0: TRIPLE (Line Drive, 89XD, EV 103.8 MPH)
Batting: SHB Scott Keys 0-0: Ball
1-0: Called Strike
1-1: Called Strike
1-2: Ball
2-2: SINGLE (Groundball, 34, EV 80.6 MPH)
Ricky Aguilera scores
Batting: LHB Tony Fernandez 0-0: Hit by Pitch
Scott Keys to second
Pinch Runner at 1st Eddie Aguinaga:
Batting: RHB Vinny Bezanson 0-0: Called Strike
0-1: SINGLE (Groundball, 6MD, EV 94.4 MPH)
Scott Keys to third
Eddie Aguinaga to second
Runner from 3rd tries for Home, SAFE, throw by CF to home
Batting: SHB Marco Calderon 0-0: TRIPLE (Flyball, 8RXD, EV 99.4 MPH)
Eddie Aguinaga scores
Vinny Bezanson scores
Batting: RHB Jose Aguilar 0-0: Swinging Strike
0-1: Ball
1-1: Ball
2-1: Foul Ball, location: 5FF
2-2: SINGLE (Line Drive, 9LS, EV 96.9 MPH)
Marco Calderon scores
Pitching: RHP Julio Bonilla
Batting: LHB Leo Bautista 0-0: Ball
1-0: Ground out 6-3 (Groundball, 6S, EV 65.6 MPH)
Jose Aguilar to second
Batting: LHB Gordie Green 0-0: Called Strike
0-1: Fly out, F7 (Flyball, 7D, EV 89.4 MPH)
Top of the 6th over - 5 runs, 5 hits, 0 errors, 1 left on base; Reading 5 - New Hampshire 0
BOTTOM OF THE 6TH
New Hampshire Fisher Cats batting - Pitching for Reading Fightin Phils : RHP Jon Zelaya
Now at SS: Jonathan Rodriguez
Batting: SHB Joe Ray 0-0: Called Strike
0-1: Ball
1-1: Swinging Strike
1-2: Foul Ball, location: 5F
1-2: Ball
2-2: Fly out, F7 (Flyball, 7D, EV 102.5 MPH)
Batting: SHB Brad Taylor 0-0: Swinging Strike
0-1: Called Strike
0-2: Ball
1-2: Ball
2-2: Foul Ball, location: 7LMF
2-2: Ball
3-2: Ground out 4-3 (Groundball, 4, EV 108.8 MPH)
Batting: RHB Wietze Willemsen 0-0: Ground out 5-3 (Groundball, 56, EV 105.6 MPH)
Bottom of the 6th over - 0 runs, 0 hits, 0 errors, 0 left on base; Reading 5 - New Hampshire 0
TOP OF THE 7TH
Reading Fightin Phils batting - Pitching for New Hampshire Fisher Cats : RHP Julio Bonilla
Batting: RHB Joe Roche 0-0: Ball
1-0: Foul Ball, location: 9LSF
1-1: Foul Ball, location: 9LMF
1-2: Ball
2-2: Strikes out swinging
Batting: RHB Ricky Aguilera 0-0: Called Strike
0-1: Called Strike
0-2: Ball
1-2: Foul Ball, location: 2F
1-2: Ball
2-2: SINGLE (Line Drive, 7S, EV 110.6 MPH)
Batting: SHB Scott Keys 0-0: 2-RUN HOME RUN (Flyball, 8LXD, EV 112.5 MPH), Distance : 448 ft
Batting: SHB Jonathan Rodriguez 0-0: Ball
1-0: Ball
2-0: Foul Ball, location: 7LSF
2-1: Ball
3-1: Base on Balls
Batting: RHB Vinny Bezanson 0-0: Fly out, F8 (Flyball, 8LM, EV 96.9 MPH)
Batting: SHB Marco Calderon 0-0: Ball
1-0: Swinging Strike
1-1: Foul Ball, location: 25FF
1-2: Foul Ball, location: 25F
1-2: Ball
2-2: Ball
3-2: Foul Ball, location: 7LMF
3-2: Foul Ball, location: 2F
3-2: Foul Ball, location: 7LMF
3-2: Strikes out swinging
Top of the 7th over - 2 runs, 2 hits, 0 errors, 1 left on base; Reading 7 - New Hampshire 0
BOTTOM OF THE 7TH
New Hampshire Fisher Cats batting - Pitching for Reading Fightin Phils : RHP Jon Zelaya
Batting: LHB Tom Lazier 0-0: Foul Ball, location: 5FF
0-1: Swinging Strike
0-2: Ball
1-2: Strikes out swinging
Batting: LHB Jose Deramos 0-0: Foul Ball, location: 23F
0-1: Ball
1-1: Called Strike
1-2: Foul Ball, location: 2F
1-2: Ball
2-2: Fly out, F8 (Flyball, 89M, EV 90.0 MPH)
Batting: RHB Israel Maturino 0-0: SOLO HOME RUN (Flyball, 89XD, EV 112.5 MPH), Distance : 432 ft
Batting: RHB Fernando Fernandez 0-0: Called Strike
0-1: Called Strike
0-2: Fly out, F3 (Popup, 3SF, EV 63.8 MPH)
Bottom of the 7th over - 1 run, 1 hit, 0 errors, 0 left on base; Reading 7 - New Hampshire 1
TOP OF THE 8TH
Reading Fightin Phils batting - Pitching for New Hampshire Fisher Cats : RHP Julio Bonilla
Batting: RHB Jose Aguilar 0-0: Ground out 5-3 (Groundball, 5, EV 101.9 MPH)
Batting: LHB Leo Bautista 0-0: Foul Ball, location: 2F
0-1: Foul Ball, location: 7LMF
0-2: Ground out 4-3 (Groundball, 4, EV 101.3 MPH)
Batting: LHB Gordie Green 0-0: Ball
1-0: Called Strike
1-1: Ball
2-1: Fly out, F7 (Flyball, 78M, EV 85.6 MPH)
Top of the 8th over - 0 runs, 0 hits, 0 errors, 0 left on base; Reading 7 - New Hampshire 1
BOTTOM OF THE 8TH
New Hampshire Fisher Cats batting - Pitching for Reading Fightin Phils : RHP Jon Zelaya
Batting: RHB Ralph Stewart 0-0: Ball
1-0: SINGLE (Groundball, 34D, EV 108.8 MPH)
Batting: RHB Jerry Decker 0-0: Ball
1-0: Swinging Strike
1-1: Swinging Strike
1-2: Strikes out swinging
Batting: SHB Joe Ray 0-0: Foul Ball, location: 5F
0-1: Ball
1-1: Ball
2-1: Called Strike
2-2: Foul Ball, location: 5FF
2-2: Fly out, F9 (Flyball, 89S, EV 80.6 MPH)
Pitching: RHP Luis Amezquita
Batting: SHB Brad Taylor 0-0: Ball
1-0: Called Strike
1-1: Ball
2-1: Foul Ball, location: 3F
2-2: Strikes out looking
Bottom of the 8th over - 0 runs, 1 hit, 0 errors, 1 left on base; Reading 7 - New Hampshire 1
TOP OF THE 9TH
Reading Fightin Phils batting - Pitching for New Hampshire Fisher Cats : RHP Julio Bonilla
Batting: RHB Joe Roche 0-0: Called Strike
0-1: Foul Ball, location: 2F
0-2: Ball
1-2: Ball
2-2: Strikes out looking
Batting: RHB Ricky Aguilera 0-0: Ball
1-0: Ball
2-0: SINGLE (Line Drive, 89S, EV 100.6 MPH)
Batting: SHB Scott Keys 0-0: Called Strike
0-1: Swinging Strike
0-2: Ball
1-2: Ball
2-2: Strikes out swinging
Batting: SHB Jonathan Rodriguez 0-0: Called Strike
0-1: Swinging Strike
0-2: Ball
1-2: Strikes out swinging
Top of the 9th over - 0 runs, 1 hit, 0 errors, 1 left on base; Reading 7 - New Hampshire 1
BOTTOM OF THE 9TH
New Hampshire Fisher Cats batting - Pitching for Reading Fightin Phils : RHP Luis Amezquita
Batting: RHB Wietze Willemsen 0-0: Swinging Strike
0-1: Ball
1-1: Ball
2-1: Ball
3-1: Called Strike
3-2: Strikes out swinging
Batting: LHB Tom Lazier 0-0: Ball
1-0: Swinging Strike
1-1: Foul Ball, location: 2F
1-2: Strikes out swinging
Batting: LHB Jose Deramos 0-0: Ball
1-0: Ball
2-0: Foul Ball, location: 9LSF
2-1: Foul Ball, location: 7LSF
2-2: Ground out U3 (Groundball, 3, EV 89.4 MPH)
Bottom of the 9th over - 0 runs, 0 hits, 0 errors, 0 left on base; Reading 7 - New Hampshire 1
Tuesday, June 3rd , 2025 - OOTP Baseball 26.4 Build 61